 Dungeon Crawl Stone Soup version 0.28-a0-1629-gf728b707aa (webtiles) character file.

Game seed: 666272798125063826

1 croobank the Sneak (level 1, 0/10 HPs)
             Began as a Felid Delver on Jan 24, 2022.
             Slain by a hobgoblin (3 damage)
             ... on level 2 of the Dungeon.
             The game lasted 00:01:17 (224 turns).

croobank the Sneak (Felid Delver)                    Turns: 224, Time: 00:01:18

Health: 0/10       AC:  1    Str:  8    XL:     1   Next: 16%
Magic:  2/2        EV: 17    Int: 11    God:
Gold:   72         SH:  0    Dex: 17    Spells: 0/0 levels left
                                        Lives:  0   Deaths: 0

rFire   . . .      SeeInvis +     - Unarmed
rCold   . . .      Faith    .   (shield unavailable)
rNeg    . . .      Spirit   .   (armour unavailable)
rPois   .          Reflect  .   (helmet unavailable)
rElec   .          Harm     .   (cloak unavailable)
rCorr   .          Rampage  .   (gloves unavailable)
Will    .....                   (boots unavailable)
Stlth   +++.......              (no amulet)
HPRegen 0.03/turn               (no ring)
MPRegen 0.08/turn               (no ring)

@: quick
A: very small, claws 1, fangs 3, see invisible, speed 1, shaggy fur 1, stealthy
paws, no weapons or thrown items, no armour, multi-lived
a: no special abilities


You were on level 2 of the Dungeon.
You visited 1 branch of the dungeon, and saw 4 of its levels.

You collected 72 gold pieces.

Inventory:

Wands
 e - a wand of digging (3)
Scrolls
 a - a scroll of fog
 c - a scroll of fear
 f - a scroll of teleportation {unknown}
 h - a scroll of noise {unknown}
Potions
 g - a potion of curing {unknown}
 i - a potion of might {unknown}


   Skills:
 + Level 3.0 Fighting
 + Level 2.7 Dodging
 + Level 6.6 Stealth
 + Level 2.0 Unarmed Combat


You couldn't memorise any spells.
You didn't know any spells.
Your spell library was empty.

Dungeon Overview and Level Annotations

Branches:
Dungeon (5/15)
 Temple: D:4-7

Altars:


Innate Abilities, Weirdness & Mutations

You have sharp claws.
You have razor-sharp teeth.
You have supernaturally acute eyesight. (SInv)
You cover ground quickly. (Speed+)
You are covered in fur. (AC +1)
Your paws help you pounce on unaware monsters.
You are incapable of wielding weapons or throwing items.
You cannot wear armour.
You gain extra lives every three experience levels.


Message History

The worm bites you!
Ouch! That really hurt!
* * * LOW HITPOINT WARNING * * *
You scratch the worm.
The worm is moderately wounded.
A hobgoblin comes into view.
Found a club.
You feel yourself speed up.
A bat comes into view.
The hobgoblin shouts!
The hobgoblin closely misses you. The bat misses you.
The bat closely misses you.
You barely miss the bat. The bat hits you but does no damage.
The bat closely misses you.
You scratch the bat.
The bat is severely wounded.
The bat closely misses you.
You scratch the bat but do no damage. You bite the bat.
You kill the bat!
Found 12 gold pieces.
You now have 72 gold pieces (gained 12).
Your extra speed is starting to run out.
As you read the scroll of magic mapping, it crumbles to dust.
You feel aware of your surroundings.
You sensed 1 altar.
A hobgoblin comes into view.
You feel yourself slow down.
Found a lumpy blue amulet.
A hobgoblin, 3 goblins and a kobold come into view.
The hobgoblin shouts!
A goblin comes into view. It is wielding a +0 club. x2
The goblin moves out of view.
The hobgoblin shouts!
You closely miss the hobgoblin. The hobgoblin barely misses you.
You scratch the hobgoblin.
The hobgoblin is moderately wounded.
The hobgoblin completely misses you.
You scratch the hobgoblin but do no damage.
The hobgoblin hits you.
You die...

,* **,,*#...#...# *,*
*,,,,, ,* *,,,,,.....#.#
*,* *,**** ,*
*,,,***#.....#####.* *,*
,****,,,* ##..g........*
*<* ,,,,,,,,*
#...........K* *,*
***,***.###......##.#..*
*,* *,* *..........#*,*,,*
*,* *,* *####.##.#.#*,*,,*
*,* *,* #.##.#@#*,*,,* *,*
*,* #.##.#g.#,#,,* *,* *,*
#.##.##.#g#.,*****,* *,*
#.##.##.....,,,,,,,* ***,*
#.##........,*********
,,,,* ####...........**
*,,,* ,,,,*
#............##* ###.,.##
,,,**
#.############****#.......
*,** #.# ****,,,,........


You could see 2 hobgoblins.

Vanquished Creatures
  A bat (D:2)
  A frilled lizard (D:3)
2 creatures vanquished.

Notes
Turn   | Place    | Note
-------+----------+-------------------------------------------
     0 | D:5      | croobank the Felid Delver began the quest for the Orb.
     0 | D:5      | Reached XP level 1. HP: 10/10 MP: 2/2
    92 | D:4      | Noticed a hound
   224 | D:2      | Slain by a hobgoblin

Illustrated notes

Levels and vault maps discovered:
D:2:      layout_loops_ring, hellmonk_ecumenical_altar_run_dry,
          minmay_goblin_outpost, uniq_robin, uniq_terence
D:3:      layout_rooms, minmay_misc_feat_room
D:4:      layout_gridville, serial_shops, kennysheep_mini_moat, uniq_ijyb
D:5:      minmay_clustersquares, layout_basic, patterned_corridor,
          uniq_blork_the_orc

Action                   || total
-------------------------++-------
Melee: Unarmed           ||     8
       Bite              ||     2
  Use: Scroll            ||     1
       Potion            ||     1
Armor: Skin              ||     1
Dodge: Dodged            ||     7

Table legend: (Time is in decaauts)
 A = Elapsed time spent in this place.
 B = Non-inter-level travel time spent in this place.
 C = Inter-level travel time spent in this place.
 D = Time resting spent in this place.
 E = Time spent auto-exploring this place.
 F = Levels seen in this place.
 G = Mean time per level.
                   A        B        C        D        E       F      G
               +--------+--------+--------+--------+--------+-----+--------+
         Total |    170 |    170 |      0 |      0 |     80 |   4 |   42.5 |
       Dungeon |    170 |    170 |      0 |      0 |     80 |   4 |   42.5 |
               +--------+--------+--------+--------+--------+-----+--------+

Top non-repeatable levels by time:
     D:2: 78 daAuts
     D:5: 41 daAuts
     D:4: 37 daAuts
     D:3: 12 daAuts
